 Dungeon Crawl Stone Soup version 0.18-a0-1243-g9e52518 (webtiles) character file.

483 tsouns the Gusty (level 6, -4/36 HPs)
             Began as a High Elf Air Elementalist on Feb 5, 2016.
             Slain by a wyvern zombie (5 damage)
             ... in an ossuary.
             The game lasted 00:17:04 (3543 turns).

tsouns the Gusty (High Elf Air Elementalist)        Turns: 3543, Time: 00:17:05

Health: -4/36      AC:  5    Str:  7    XL:     6   Next: 87%
Magic:  23/23      EV: 11    Int: 23    God:
Gold:   203        SH:  4    Dex: 16    Spells: 5 memorised, 1 level left

rFire  . . .     SeeInvis .     t - +0 short sword
rCold  . . .     Gourm    .     w - +0 leather armour (curse)
rNeg   . . .     Faith    .     q - +0 buckler
rPois  .         Spirit   .     (no helmet)
rElec  .         Dismiss  .     (no cloak)
rCorr  .         Reflect  .     v - +1 pair of gloves
SustAt .         Harm     .     (no boots)
MR     .....                    (no amulet)
Stlth  ++........               i - +2 ring of intelligence
                                s - ring of magical power

@: flying, repel missiles, not resistant to hostile enchantments, unstealthy
A: no striking features
a: no special abilities


You were in an ossuary.
You were not hungry.

You visited 1 branch of the dungeon, and saw 5 of its levels.
You also visited: Ossuary.

You collected 203 gold pieces.

Inventory:

Hand Weapons
 t - a +0 short sword (weapon)
Missiles
 j - a throwing net (quivered)
 k - 33 poisoned needles
 n - 12 tomahawks
Armour
 a - a +1 robe
 q - a +0 buckler (worn)
 v - a +1 pair of gloves (worn)
 w - a cursed +0 leather armour (worn)
Jewellery
 i - a +2 ring of intelligence (right hand)
 s - a ring of magical power (left hand)
Wands
 f - a wand of lightning (5/15)
 u - a wand of flame (10/48)
Potions
 l - 2 potions of flight
 r - 2 potions of might
Books
 b - a book of Air

   Spells                             Type                      Level
   a - Shock                          Conjuration/Air              1
   b - Swiftness                      Charms/Air                   2
   c - Repel Missiles                 Charms/Air                   2
   d - Static Discharge               Conjuration/Air              3
   e - Lightning Bolt                 Conjuration/Air              5
Comestibles
 c - 4 bread rations
 h - 2 meat rations
 m - 2 beef jerkies
 p - a royal jelly


   Skills:
 - Level 2.1 Dodging
 - Level 2.1 Stealth
 - Level 1.4 Shields
 + Level 4.8 Spellcasting
 * Level 4.9 Conjurations
 + Level 5.7 Air Magic


You had one spell level left.
You knew the following spells:

 Your Spells              Type           Power        Failure   Level  Hunger
a - Shock                 Conj/Air       ####         1%          1    None
b - Repel Missiles        Chrm/Air       ###...       12%         2    None
c - Swiftness             Chrm/Air       ###.....     12%         2    None
d - Static Discharge      Conj/Air       ####....     10%         3    ##.....
e - Lightning Bolt        Conj/Air       ####......   67%         5    #####..


Dungeon Overview and Level Annotations

Branches:
Dungeon (5/15)
 Temple: D:4-7

Altars:
Fedhas
Kikubaaqudgha
Qazlal
Yredelemnul

Annotations:
D:5 Edmund


Message History

Moving in this stuff is going to be slow.
A bog body and a zombie come into view.
The wyvern zombie bites you. The wyvern zombie barely misses you.
You enter the shallow water.
Moving in this stuff is going to be slow.
A worker ant zombie comes into view.
The decayed bog body hits you.
* * * LOW HITPOINT WARNING * * *
The decayed bog body barely misses you. The wyvern zombie bites you.
* * * LOW HITPOINT WARNING * * *
The decayed bog body gestures at you while chanting.
You resist with some effort. The wyvern zombie bites you.
* * * LOW HITPOINT WARNING * * *
Unknown command.
Drink which item? (? for menu, Esc to quit)
It was a potion of flight.
You feel very buoyant.
You fly up into the air.
The wyvern zombie bites you.
You die...

### ≈≈ #
####≈## #≈
#####≈#≈≈≈
≈≈≈#≈#≈≈#≈≈#≈#
#.≈P≈P≈.#n≈P#
≈≈≈≈≈.≈.≈≈#@#
≈≈≈≈≈≈≈M.MZ.+
#####.#####≈#
.≈ #. #.+ # ≈.
#≈ +≈# #≈ .≈ #
#Z≈ ≈≈##Z #≈#
#... '..
##≈≈##### ≈≈


You could see a decayed bog body, 2 mummies, a wyvern zombie and a worker ant
zombie (wandering).

Vanquished Creatures
  An ogre (D:4)
  2 bog bodies (Ossuary)
  A giant frog zombie (Ossuary)
  A hound (D:4)
  A centaur zombie (Ossuary)
  An orc priest (D:3)
  An orc wizard (D:4)
  A worker ant (D:4)
  A mummy (Ossuary)
  3 adders
  An ooze (D:4)
  3 worms
  4 giant geckos
  10 orcs
  A ball python (D:3)
  5 giant cockroaches
  15 goblins
  8 hobgoblins
  2 jackals (D:1)
  7 bats
  A giant gecko skeleton (D:4)
  3 giant newts
  A jackal skeleton (D:4)
  6 kobolds
  10 rats
  A spectral orc (D:4)
91 creatures vanquished.

Vanquished Creatures (others)
  4 withered plants (Ossuary)
4 creatures vanquished.

Grand Total: 95 creatures vanquished

Notes
Turn   | Place    | Note
--------------------------------------------------------------
     0 | D:1      | tsouns the High Elf Air Elementalist began the quest for the Orb.
     0 | D:1      | Reached XP level 1. HP: 11/11 MP: 4/4
   307 | D:1      | Reached XP level 2. HP: 17/17 MP: 3/6
   497 | D:1      | Reached skill level 4 in Air Magic
   985 | D:2      | Reached XP level 3. HP: 16/21 MP: 6/8
  1294 | D:2      | Found an ancient bone altar of Kikubaaqudgha.
  1380 | D:2      | Found a stormy altar of Qazlal.
  1385 | D:2      | Found a blossoming altar of Fedhas.
  1829 | D:3      | Reached XP level 4. HP: 27/27 MP: 5/10
  1984 | D:3      | Learned a level 2 spell: Repel Missiles
  1988 | D:3      | Learned a level 2 spell: Swiftness
  1992 | D:3      | Learned a level 3 spell: Static Discharge
  2141 | D:3      | Reached skill level 1 in Shields
  2544 | D:4      | Reached XP level 5. HP: 19/31 MP: 11/11
  2720 | D:4      | Noticed an ogre
  2729 | D:4      | Killed an ogre
  2729 | D:4      | Reached skill level 5 in Air Magic
  2744 | D:4      | Reached XP level 6. HP: 36/36 MP: 11/13
  3231 | D:4      | Found a basalt altar of Yredelemnul.
  3361 | D:5      | Entered Level 5 of the Dungeon
  3361 | D:5      | Noticed Edmund
  3411 | D:5      | Learned a level 5 spell: Lightning Bolt
  3422 | D:5      | Found a sand-covered staircase.
  3429 | Ossuary  | Entered an ossuary
  3542 | Ossuary  | HP: 1/36 [wyvern zombie (1)]
  3543 | Ossuary  | Slain by a wyvern zombie

Vault maps used:
D:1:      dpeg_arrival_ratfight, minivault_11
D:2:      grunt_temple_overflow_forces_of_nature, kiku_gazebo_garden_becter,
          roderic_nine_men_s_morris, kennysheep_generic_room_15
D:3:      moated_statue, roderic_lattice_a
D:4:      yredelemnul_forgotten_temple_becter, first_bread,
          minmay_goblin_outpost
D:5:      xom_redecorated, nicolae_overflow_hidden_temple, led_sif_book,
          lightli_ossuary_entry_decrepit_ruins, kennysheep_generic_room_5,
          uniq_menkaure, uniq_edmund, uniq_pikel
Ossuary:  ossuary_zaba_flooded

Action                   |  1- 3 |  4- 6 || total
-------------------------+-------+-------++-------
Melee: Unarmed           |     5 |       ||     5
       Dagger            |    31 |       ||    31
       Short sword       |       |    12 ||    12
 Cast: Shock             |    59 |   106 ||   165
       Repel Missiles    |       |     1 ||     1
Evoke: Wand              |       |     3 ||     3
  Use: Scroll            |     6 |     3 ||     9
       Potion            |       |     4 ||     4
 Stab: Sleeping          |     7 |     1 ||     8
       Distracted        |     1 |       ||     1
  Eat: Chunk             |     1 |     5 ||     6
       Beef jerky        |     1 |       ||     1
